[Event "Titled Tuesday Blitz May 30 Early 2023"]
[White "Galchenko, Matvey"]
[Black "Agibileg, Uurtsaikh"]
[WhiteFideId "24175480"]
[BlackFideId "4901606"]
[WhiteElo "2423"]
[BlackElo "2353"]
[Result "1-0"]
[Round "11"]
[TimeControl "180+2"]
[Date "2023.05.30"]
[WhiteClock "0:00:29"]
[BlackClock "0:00:52"]

1. f4 Nf6 2. Nf3 g6 3. g3 Bg7 4. Bg2 O-O 5. O-O c5 6. d3 Nc6 7. Nc3 Rb8 8. e4 d6 9. a4 a6 10. h3 b5 11. axb5 axb5 12. Qe2 b4 13. Nd1 Nd7 14. Ne3 Bb7 15. g4 e6 16. Qf2 Qe7 17. f5 Nce5 18. Nxe5 Bxe5 19. g5 exf5 20. exf5 Qxg5 21. Ng4 Qh5 22. Ra7 Bxg2 23. Qxg2 Nf6 24. Nxe5 dxe5 25. fxg6 Qxg6 26. Rxf6 Qxg2+ 27. Kxg2 Kg7 28. Raa6 Rg8 29. Bh6+ Kh8+ 30. Kf3 b3 31. c4 Rbd8 32. Rad6 Ra8 33. Rxf7 Ra1 34. Rdd7 Rf1+ 35. Ke4 Rxf7 36. Rxf7 Rd8 37. Rf8+ 1-0


[Site "https://www.chess.com"]

[Event "Titled Tuesday Blitz May 30 Early 2023"]
[White "iHateNAJDORF"]
[Black "Bryakin, Mikhail"]
[BlackFideId "4165314"]
[WhiteElo "2640"]
[BlackElo "2467"]
[Result "1-0"]
[Round "11"]
[TimeControl "180+2"]
[Date "2023.05.30"]
[WhiteClock "0:00:02"]
[BlackClock "0:00:10"]

1. e4 d5 2. exd5 Qxd5 3. Nc3 Qe5+ 4. Be2 Bg4 5. d4 Bxe2 6. Ngxe2 Qa5 7. O-O Nf6 8. Be3 Nc6 9. Ng3 O-O-O 10. a3 Nd5 11. Qg4+ e6 12. b4 Qb6 13. Nxd5 Rxd5 14. c4 Rxd4 15. Qe2 a6 16. Rfd1 Be7 17. Bxd4 Nxd4 18. Qg4 c5 19. Qxg7 Rd8 20. bxc5 Bxc5 21. Qxf7 Qc6 22. Qxh7 Rf8 23. Qe4 Qd6 24. Rab1 Rf7 25. Kh1 e5 26. Ne2 Re7 27. Nc3 Bxa3 28. Nd5 Bc5 29. Nxe7+ Qxe7 30. Rd3 Nc6 31. Rh3 Qf6 32. Rh7 Be7 33. Qg4+ Kb8 34. Qd7 Qg6 35. Qxb7# 1-0


[Site "https://www.chess.com"]

[Event "Titled Tuesday Blitz May 30 Early 2023"]
[White "Miranda, Rafael"]
[Black "Sethuraman, S.P."]
[WhiteFideId "130990"]
[BlackFideId "5021596"]
[WhiteElo "2204"]
[BlackElo "2543"]
[Result "0-1"]
[Round "11"]
[TimeControl "180+2"]
[Date "2023.05.30"]
[WhiteClock "0:01:49"]
[BlackClock "0:01:22"]

1. e4 c5 2. Nf3 d6 3. c3 Nf6 4. h3 g6 5. Bd3 Bg7 6. O-O O-O 7. Re1 Nc6 8. Bf1 e5 9. d3 h6 10. Nbd2 Be6 11. a4 a6 12. Nc4 b6 13. Rb1 Rb8 14. Ne3 b5 15. axb5 axb5 16. d4 exd4 17. cxd4 Nb4 18. d5 Bd7 19. Nc2 Nxc2 20. Qxc2 Re8 21. Bf4 Qb6 22. b3 Ra8 23. Qd2 Nxe4 24. Rxe4 Rxe4 25. Bxh6 Qa5 26. b4 Rxb4 0-1


[Site "https://www.chess.com"]

[Event "Titled Tuesday Blitz May 30 Early 2023"]
[White "Souleidis, Georgios"]
[Black "Kukhmazov, Arsen"]
[WhiteFideId "4206827"]
[BlackFideId "24108260"]
[WhiteElo "2401"]
[BlackElo "2396"]
[Result "0-1"]
[Round "11"]
[TimeControl "180+2"]
[Date "2023.05.30"]
[WhiteClock "0:00:00"]
[BlackClock "0:00:08"]

1. e4 e5 2. Nc3 Nf6 3. d4 exd4 4. Qxd4 Nc6 5. Qd3 Bb4 6. Bd2 O-O 7. O-O-O Re8 8. Nge2 d6 9. Bg5 Bxc3 10. Nxc3 h6 11. Bxf6 Qxf6 12. Nd5 Qd8 13. f4 Be6 14. Nc3 Nb4 15. Qd4 a5 16. a3 Nc6 17. Qf2 f5 18. exf5 Bxf5 19. Bc4+ Kh8 20. h3 Be6 21. Bxe6 Rxe6 22. Rhe1 Qd7 23. f5 Rxe1 24. Rxe1 Rf8 25. g4 Ne5 26. Nd5 Qc6 27. Nf4 g5 28. Rxe5 dxe5 29. Nd3 Qh1+ 30. Kd2 Qd5 31. Kc3 Rd8 32. Qe3 Qd4+ 33. Qxd4 exd4+ 34. Kc4 Kg7 35. b4 axb4 36. axb4 b6 37. b5 Kf6 38. Nb4 Rd7 39. Nc6 h5 40. Nxd4 hxg4 41. hxg4 Ke5 42. Ne6 Kf6 43. c3 Rh7 44. Kd5 Rh4 45. Nxc7 Rxg4 46. Na8 Kxf5 47. Nxb6 Rg1 48. Nc4 Kf4 49. Nd6 g4 50. b6 Rb1 51. Kc5 Rxb6 52. Kxb6 g3 53. Nc4 g2 0-1


[Site "https://www.chess.com"]

[Event "Titled Tuesday Blitz May 30 Early 2023"]
[White "Ilamparthi A R"]
[Black "Schnaider, Ilan"]
[WhiteFideId "45015775"]
[BlackFideId "169013"]
[WhiteElo "2348"]
[BlackElo "2224"]
[Result "1-0"]
[Round "11"]
[TimeControl "180+2"]
[Date "2023.05.30"]
[WhiteClock "0:00:19"]
[BlackClock "0:00:05"]

1. e4 c5 2. Nf3 d6 3. g3 g6 4. Bg2 Bg7 5. O-O Nc6 6. c3 Nf6 7. Re1 O-O 8. d4 cxd4 9. cxd4 d5 10. e5 Ne4 11. Nc3 Bg4 12. Nxe4 dxe4 13. Rxe4 Nxe5 14. Bg5 Bxf3 15. Bxf3 Nxf3+ 16. Qxf3 Bf6 17. Bxf6 exf6 18. Rd1 Qd5 19. Kg2 f5 20. Re7 Qxa2 21. Rxb7 Rad8 22. d5 Rd6 23. h4 h5 24. Rb5 Rfd8 25. Qc3 Qa4 26. Qd3 a6 27. Rc5 Qb4 28. Qd4 Qb3 29. Rd3 Qa2 30. Qc3 Qa4 31. Rd4 Qd7 32. Qd3 Qb7 33. b4 Qb6 34. Kg1 Qb7 35. Qc4 Qe7 36. Rd3 Qe1+ 37. Kg2 Qe5 38. Re3 Qb2 39. Rc7 Qf6 40. Ree7 Rxd5 41. Rxf7 Qxf7 42. Rxf7 Kxf7 43. Qxa6 Rd2 44. b5 Rb2 45. Qb7+ Kg8 46. Qc6 Rdd2 47. Qxg6+ Kh8 48. Qxh5+ Kg8 49. Qg5+ Kh8 50. Qxf5 Re2 51. h5 Kg7 52. Qg6+ Kh8 53. Qf6+ Kh7 54. h6 Rxf2+ 55. Qxf2 Rxf2+ 56. Kxf2 Kxh6 57. b6 Kg6 58. b7 Kg5 59. b8=Q Kg4 60. Qf4+ Kh3 61. Qh4# 1-0


[Site "https://www.chess.com"]

[Event "Titled Tuesday Blitz May 30 Early 2023"]
[White "Bodnaruk, Anastasia"]
[Black "Quintiliano Pinto, Renato R."]
[WhiteFideId "4181751"]
[BlackFideId "2117568"]
[WhiteElo "2304"]
[BlackElo "2459"]
[Result "1-0"]
[Round "11"]
[TimeControl "180+2"]
[Date "2023.05.30"]
[WhiteClock "0:01:08"]
[BlackClock "0:00:13"]

1. e4 c5 2. Nc3 Nc6 3. Bb5 Nd4 4. Bc4 a6 5. a4 e6 6. Nge2 Nf6 7. O-O d5 8. exd5 exd5 9. Ba2 Bg4 10. f3 Nxe2+ 11. Qxe2+ Be6 12. f4 Be7 13. f5 Bc8 14. d3 O-O 15. Qf3 d4 16. Nd5 Nxd5 17. Bxd5 Ra7 18. a5 b6 19. axb6 Qxb6 20. b3 Rd7 21. Bf4 Rfd8 22. Be4 Bb7 23. Rfe1 Bxe4 24. Rxe4 Bd6 25. Rae1 h6 26. Re8+ Rxe8 27. Rxe8+ Kh7 28. Qa8 Bxf4 29. Rh8# 1-0


[Site "https://www.chess.com"]

[Event "Titled Tuesday Blitz May 30 Early 2023"]
[White "ATM622"]
[Black "Halkias, Stelios"]
[BlackFideId "4201809"]
[WhiteElo "2580"]
[BlackElo "2451"]
[Result "0-1"]
[Round "11"]
[TimeControl "180+2"]
[Date "2023.05.30"]
[WhiteClock "0:00:16"]
[BlackClock "0:01:24"]

1. d4 Nf6 2. c4 g6 3. g3 Bg7 4. Bg2 c5 5. d5 d6 6. Nf3 e6 7. O-O exd5 8. cxd5 O-O 9. Nc3 Re8 10. Nd2 Nbd7 11. Nc4 Ne5 12. Nxe5 Rxe5 13. e4 Re8 14. f4 Ng4 15. Ne2 c4 16. Qa4 Qb6+ 17. Kh1 Bd7 18. Qxd7 Nf2+ 19. Rxf2 Qxf2 20. Ng1 Bd4 21. Nf3 Rxe4 22. Bd2 Re2 23. Qh3 Rxd2 24. Rf1 Qxg2+ 25. Qxg2 Rxg2 26. Kxg2 Bxb2 27. Nd2 Rc8 28. f5 c3 29. Nb3 c2 30. fxg6 hxg6 31. Nc1 Rc5 32. Kf3 Rxd5 33. Ke2 b5 34. Nd3 Rxd3 0-1


[Site "https://www.chess.com"]

[Event "Titled Tuesday Blitz May 30 Early 2023"]
[White "Novikov, Evgenij"]
[Black "Martinez Ramirez, Lennis"]
[WhiteFideId "4125380"]
[BlackFideId "3509079"]
[WhiteElo "2242"]
[BlackElo "2410"]
[Result "1-0"]
[Round "11"]
[TimeControl "180+2"]
[Date "2023.05.30"]
[WhiteClock "0:00:03"]
[BlackClock "0:00:00"]

1. e4 c5 2. Nf3 Nc6 3. d4 cxd4 4. c3 Nf6 5. e5 Nd5 6. cxd4 d6 7. exd6 e6 8. Nc3 Nxc3 9. bxc3 Bxd6 10. Bd3 h6 11. O-O O-O 12. Qe2 Bd7 13. Rb1 b6 14. Ne5 Bxe5 15. dxe5 Ne7 16. Ba3 Re8 17. Rfd1 Qc7 18. Bxe7 Rxe7 19. Qe4 Ree8 20. Qh7+ Kf8 21. Qh8+ Ke7 22. Qxg7 Rg8 23. Qf6+ Ke8 24. Be4 Bc6 25. Qf3 Rc8 26. Rd3 Rg5 27. Rbd1 Bxe4 28. Qxe4 Qxe5 29. Qb7 Qc7 30. Qe4 Qc6 31. Rd8+ Ke7 32. Qb4+ Kf6 33. Qf4+ Kg7 34. g3 Qxc3 35. Rxc8 Qxc8 36. h4 Rg6 37. Qd4+ Rf6 38. Rd3 Qc5 39. Qg4+ Rg6 40. Qf3 Qc7 41. Kg2 Qe7 42. Re3 a5 43. Qe4 e5 44. h5 Rf6 45. Qg4+ Kh7 46. Rc3 Re6 47. Rc8 1-0


[Site "https://www.chess.com"]

[Event "Titled Tuesday Blitz May 30 Early 2023"]
[White "Itgelt, Khuyagtsogt"]
[Black "Fernandez Garcia, Gumersindo"]
[WhiteFideId "4902912"]
[BlackFideId "24516740"]
[WhiteElo "2227"]
[BlackElo "2093"]
[Result "1-0"]
[Round "11"]
[TimeControl "180+2"]
[Date "2023.05.30"]
[WhiteClock "0:00:36"]
[BlackClock "0:00:18"]

1. d4 Nf6 2. Bf4 d5 3. e3 c5 4. Nf3 Nc6 5. Be2 Bg4 6. h3 Bh5 7. O-O e6 8. Nbd2 Be7 9. dxc5 Bxc5 10. c4 O-O 11. Rc1 Bd6 12. cxd5 Nxd5 13. Bxd6 Qxd6 14. Qb3 Qb4 15. a3 Qxb3 16. Nxb3 Rfd8 17. Nc5 Rab8 18. b4 Nce7 19. g4 Bg6 20. Ne5 b6 21. Nb3 Rbc8 22. Ba6 Rxc1 23. Rxc1 f6 24. Nxg6 hxg6 25. Nd4 Kf7 26. Kg2 g5 27. Kg3 Rd7 28. Bb5 Rd8 29. h4 gxh4+ 30. Kxh4 Rh8+ 31. Kg3 Rd8 32. Kf3 Rh8 33. Bd7 e5 34. Nb5 Rh3+ 35. Kg2 Rh8 36. Nd6+ Kg6 37. Bf5+ Nxf5 38. gxf5+ Kg5 39. Nf7+ 1-0


[Site "https://www.chess.com"]

[Event "Titled Tuesday Blitz May 30 Early 2023"]
[White "Janik, Igor"]
[Black "koncheto"]
[WhiteFideId "1159259"]
[WhiteElo "2484"]
[BlackElo "2598"]
[Result "1-0"]
[Round "11"]
[TimeControl "180+2"]
[Date "2023.05.30"]
[WhiteClock "0:00:46"]
[BlackClock "0:00:05"]

1. e4 e5 2. Nf3 Nf6 3. Nxe5 Nc6 4. Nxc6 dxc6 5. d3 Bc5 6. Be2 h5 7. Be3 Bxe3 8. fxe3 Ng4 9. Bxg4 hxg4 10. Qe2 Be6 11. Nc3 Qd6 12. g3 Qxg3+ 13. hxg3 Rxh1+ 14. Qf1 Rxf1+ 15. Kxf1 Ke7 16. Kg2 c5 17. b3 c6 18. Rh1 Rd8 19. Kf2 Kf6 20. Ne2 a5 21. d4 cxd4 22. exd4 b5 23. Ke3 a4 24. Nf4 Ra8 25. Nd3 axb3 26. axb3 Ra2 27. Nb4 Rb2 28. Kd3 Bxb3 29. Kc3 Bxc2 30. Rf1+ Kg5 31. Rf5+ Kg6 32. Kxb2 Bxe4 33. Rc5 f5 34. Nxc6 Kg5 35. d5 f4 36. d6+ Kf6 37. d7 fxg3 38. d8=Q+ Kg6 39. Rg5+ Kh7 40. Qe7 Bg6 41. Ne5 g2 42. Rxg6 g1=Q 43. Qxg7# 1-0


[Site "https://www.chess.com"]

[Event "Titled Tuesday Blitz May 30 Early 2023"]
[White "Bartel, Michal"]
[Black "Hambleton, Aman"]
[WhiteFideId "1119257"]
[BlackFideId "2606577"]
[WhiteElo "2282"]
[BlackElo "2511"]
[Result "1-0"]
[Round "11"]
[TimeControl "180+2"]
[Date "2023.05.30"]
[WhiteClock "0:00:50"]
[BlackClock "0:00:00"]

1. e4 d5 2. exd5 Qxd5 3. Nc3 Qe5+ 4. Qe2 Qxe2+ 5. Bxe2 c6 6. Nf3 Bf5 7. d3 e6 8. O-O h6 9. Re1 Nd7 10. Nd4 Bh7 11. Bf3 Ngf6 12. Bf4 Be7 13. h3 O-O 14. Nb3 a5 15. a3 a4 16. Nd2 Rfe8 17. Nc4 Ra7 18. Re2 Nd5 19. Nxd5 cxd5 20. Nd6 Rf8 21. Rae1 Bf6 22. c3 Bxd3 23. Rd2 Bg6 24. c4 Nb6 25. Be3 Ra6 26. c5 Nd7 27. Nxb7 Rb8 28. Be2 Rc6 29. Na5 Rc7 30. c6 Ne5 31. Bf4 1-0


[Site "https://www.chess.com"]

[Event "Titled Tuesday Blitz May 30 Early 2023"]
[White "Marra, Eduardo da Costa"]
[Black "Karthik Rajaa"]
[WhiteFideId "2106990"]
[BlackFideId "25035215"]
[WhiteElo "2252"]
[BlackElo "2215"]
[Result "0-1"]
[Round "11"]
[TimeControl "180+2"]
[Date "2023.05.30"]
[WhiteClock "0:00:14"]
[BlackClock "0:00:23"]

1. d4 Nf6 2. Nc3 d5 3. Bf4 e6 4. Nb5 Bb4+ 5. c3 Ba5 6. a4 a6 7. b4 Bb6 8. a5 axb5 9. axb6 Rxa1 10. Qxa1 Na6 11. bxc7 Qd7 12. Nf3 O-O 13. Ne5 Qe7 14. e3 Nxc7 15. Be2 Ne4 16. O-O f6 17. Nd3 Nd2 18. Re1 Nc4 19. Bf3 e5 20. dxe5 fxe5 21. e4 exf4 22. exd5 Qd6 23. Nc5 Nd2 24. Be2 b6 25. Nd3 f3 26. Bf1 Nxf1 27. Kxf1 Qxh2 0-1


[Site "https://www.chess.com"]

[Event "Titled Tuesday Blitz May 30 Early 2023"]
[White "Shuvalov, Evgenij"]
[Black "Matinian, Nikita"]
[WhiteFideId "4187237"]
[BlackFideId "24129100"]
[WhiteElo "2080"]
[BlackElo "2422"]
[Result "1/2-1/2"]
[Round "11"]
[TimeControl "180+2"]
[Date "2023.05.30"]
[WhiteClock "0:00:49"]
[BlackClock "0:00:59"]

1. d4 g6 2. c4 Bg7 3. e4 d6 4. Nc3 e5 5. Nf3 Nd7 6. Be2 Ngf6 7. O-O O-O 8. Be3 Ng4 9. Bg5 f6 10. Bh4 c6 11. d5 c5 12. h3 Nh6 13. g4 Nf7 14. Ne1 Bh6 15. Ng2 Bf4 16. Bg3 g5 17. Ne3 Nh8 18. Nf5 Nb6 19. Kg2 Ng6 20. Rh1 Bxf5 21. exf5 Nh4+ 22. Kh2 Qd7 23. Ne4 Nc8 24. Rb1 a5 25. a4 Ra6 26. Qc2 Rb6 27. b3 Ra6 28. Kg1 b6 29. Kf1 Qe8 30. Bxh4 gxh4 31. Bf3 Ra7 32. Ke2 Rg7 33. Rbg1 Qe7 34. Qd3 Kh8 35. Kd1 Qf7 36. Kc2 Ne7 37. Nxd6 Qg8 38. Ne4 Nc8 39. Rd1 Rd7 40. d6 Qf7 41. Qd5 Qxd5 42. Rxd5 Kg7 43. Rhd1 Rfd8 44. Bg2 Kf7 45. Bf3 Bh6 46. Kc3 Bf4 47. Kc2 h6 48. Kc3 Kg7 49. Kc2 Kf7 50. Kc3 Kg7 51. Kc2 Kf7 1/2-1/2


[Site "https://www.chess.com"]

[Event "Titled Tuesday Blitz May 30 Early 2023"]
[White "Gontcharov, Vladislav"]
[Black "Veiga, Jose Francisco R P Neves"]
[WhiteFideId "4123492"]
[BlackFideId "1930087"]
[WhiteElo "2420"]
[BlackElo "2320"]
[Result "0-1"]
[Round "11"]
[TimeControl "180+2"]
[Date "2023.05.30"]
[WhiteClock "0:00:03"]
[BlackClock "0:01:44"]

1. d4 Nf6 2. c4 e6 3. Nc3 Bb4 4. e3 d5 5. Nf3 O-O 6. Bd3 dxc4 7. Bxc4 c5 8. O-O Nc6 9. a3 Bxc3 10. bxc3 e5 11. dxe5 Ng4 12. Bd5 Ngxe5 13. Nxe5 Nxe5 14. c4 Be6 15. Bxb7 Rb8 16. Bd5 Nxc4 17. Bxe6 fxe6 18. Qc2 Qd5 19. Rd1 Qe5 20. Ra2 Nd6 21. Bb2 Qe4 22. Qxe4 Nxe4 23. Be5 Rb3 24. Rc1 Rf5 25. Bc7 Rd5 26. f3 Rd2 27. Rac2 Rxc2 0-1


[Site "https://www.chess.com"]

[Event "Titled Tuesday Blitz May 30 Early 2023"]
[White "Oleksiyenko, Mykhaylo"]
[Black "Budrewicz, Krzysztof"]
[WhiteFideId "4152417"]
[BlackFideId "1127950"]
[WhiteElo "2551"]
[BlackElo "2230"]
[Result "1-0"]
[Round "11"]
[TimeControl "180+2"]
[Date "2023.05.30"]
[WhiteClock "0:00:35"]
[BlackClock "0:00:11"]

1. e4 g6 2. d4 Bg7 3. f4 d6 4. Nf3 a6 5. Nc3 b5 6. Bd3 Nd7 7. e5 Nb6 8. Be4 Rb8 9. O-O Nh6 10. a4 b4 11. Ne2 O-O 12. a5 Nd7 13. c3 c5 14. Kh1 Bb7 15. Bxb7 Rxb7 16. Qd3 Rb5 17. cxb4 cxb4 18. Bd2 e6 19. Ra4 Qb8 20. Rc1 Qb7 21. exd6 Nf5 22. Rc7 Qd5 23. Rxd7 Nxd6 24. Bxb4 Rxb4 25. Rxb4 Qc6 26. Ne5 Bxe5 27. dxe5 Nf5 28. Rd8 Rxd8 29. Qxd8+ Kg7 30. Rb8 Kh6 31. Qd2 Qe4 32. h3 Qxe2 33. Qxe2 Ng3+ 34. Kh2 Nxe2 35. Ra8 Nxf4 36. Rxa6 Nd3 37. Ra8 Nxb2 38. a6 Nc4 39. a7 1-0


[Site "https://www.chess.com"]

[Event "Titled Tuesday Blitz May 30 Early 2023"]
[White "Tologon tegin, Semetei"]
[Black "Ehlvest, Jaan"]
[WhiteFideId "13800574"]
[BlackFideId "4500016"]
[WhiteElo "2247"]
[BlackElo "2442"]
[Result "0-1"]
[Round "11"]
[TimeControl "180+2"]
[Date "2023.05.30"]
[WhiteClock "0:01:52"]
[BlackClock "0:02:33"]

1. e4 g6 2. d4 Bg7 3. Nc3 c6 4. Nf3 d5 5. e5 Bg4 6. h3 Bxf3 7. Qxf3 e6 8. Bd3 Ne7 9. Ne2 c5 10. c3 Nbc6 11. Be3 O-O 12. a3 Bxe5 13. dxe5 Nxe5 14. Qf6 Nxd3+ 15. Kd2 Nxb2 16. Bh6 Nf5 17. Qxd8 Rfxd8 18. Bg5 Rd7 0-1


[Site "https://www.chess.com"]

[Event "Titled Tuesday Blitz May 30 Early 2023"]
[White "Ozates, Tuna"]
[Black "Arabidze, Meri"]
[WhiteFideId "6354521"]
[BlackFideId "13604040"]
[WhiteElo "2151"]
[BlackElo "2405"]
[Result "0-1"]
[Round "11"]
[TimeControl "180+2"]
[Date "2023.05.30"]
[WhiteClock "0:00:22"]
[BlackClock "0:00:23"]

1. e4 c5 2. Nf3 e6 3. d4 cxd4 4. Nxd4 Nc6 5. Nc3 a6 6. g3 d6 7. Bg2 Bd7 8. O-O Nf6 9. a4 Be7 10. Re1 O-O 11. h3 Rc8 12. g4 Nxd4 13. Qxd4 Bc6 14. g5 Nd7 15. h4 b5 16. axb5 axb5 17. Be3 Ne5 18. f4 Nc4 19. Bc1 e5 20. Qf2 exf4 21. Qxf4 f6 22. Qg3 fxg5 23. hxg5 Qb6+ 24. Kh1 Rce8 25. b3 Ne5 26. Be3 Qd8 27. Nd5 Bxd5 28. exd5 Rf5 29. Be4 Rxg5 30. Bxg5 Bxg5 31. Qh3 h6 32. Ra7 Qb6 33. Rb7 Qxb7 34. Rf1 b4 35. Qf5 g6 36. Qf2 Qd7 37. Qg3 Rf8 38. Rg1 Rf4 0-1


[Site "https://www.chess.com"]

[Event "Titled Tuesday Blitz May 30 Early 2023"]
[White "Jakubowski, Krzysztof"]
[Black "Sharan, Rao"]
[WhiteFideId "1112848"]
[BlackFideId "5073464"]
[WhiteElo "2359"]
[BlackElo "2231"]
[Result "1-0"]
[Round "11"]
[TimeControl "180+2"]
[Date "2023.05.30"]
[WhiteClock "0:01:06"]
[BlackClock "0:00:03"]

1. e4 e6 2. d4 d5 3. Nc3 Nf6 4. e5 Ng8 5. Nce2 c5 6. c3 Nc6 7. Nf3 f6 8. a3 cxd4 9. cxd4 fxe5 10. dxe5 Bc5 11. Nf4 Nge7 12. b4 Bb6 13. Bd3 Qc7 14. O-O Bd7 15. Bb2 O-O-O 16. Rc1 a6 17. Ng5 Kb8 18. Nfxe6 Bxe6 19. Nxe6 Qd7 20. Nxd8 Nxd8 21. b5 a5 22. Qh5 Ne6 23. Qh3 g6 24. a4 Rf8 25. Ba3 Rf7 26. Rc2 Nf5 27. Bxf5 Rxf5 28. Bd6+ Ka7 29. Qc3 Nd4 30. Rd2 Ne6 31. Rxd5 Qf7 32. Qc8 Bxf2+ 33. Kh1 Bd4 34. Bb8+ Kb6 35. Rd6# 1-0


[Site "https://www.chess.com"]

[Event "Titled Tuesday Blitz May 30 Early 2023"]
[White "Bilan, Danila"]
[Black "Al-Tarboush, Ward"]
[WhiteFideId "24161918"]
[BlackFideId "7601450"]
[WhiteElo "2182"]
[BlackElo "2265"]
[Result "1-0"]
[Round "11"]
[TimeControl "180+2"]
[Date "2023.05.30"]
[WhiteClock "0:00:08"]
[BlackClock "0:00:17"]

1. d4 Nf6 2. Nf3 b6 3. g3 Bb7 4. Bg2 e6 5. O-O Be7 6. c4 O-O 7. d5 exd5 8. Nh4 c6 9. cxd5 Nxd5 10. Nf5 Bf6 11. e4 Ne7 12. Nd6 Ba6 13. Re1 Nc8 14. Nf5 d6 15. Nc3 b5 16. Bf4 Be5 17. Qg4 Qf6 18. Rad1 Nd7 19. Nxg7 Qxg7 20. Qxd7 Bxf4 21. gxf4 Nb6 22. Qxd6 Nc4 23. Qxc6 Bc8 24. Rd3 Bg4 25. Rg3 Rac8 26. Qxb5 a6 27. Qb4 a5 28. Qb5 Na3 29. Qe5 f6 30. Qxa5 Nc2 31. Rf1 Kh8 32. h3 Qh6 33. hxg4 Qxf4 34. Qf5 Qc7 35. Nd5 Qg7 36. Rh3 Nd4 37. Qh5 Rc5 38. Kh2 Ne2 39. f4 Rb8 40. Rf2 Rxb2 41. Bf3 Nxf4 42. Rxb2 Nxh5 43. Rb8+ Qg8 44. Rxg8+ Kxg8 45. Rxh5 Rc2+ 46. Kg3 Rxa2 47. Nxf6+ Kg7 48. g5 Ra5 49. Kf4 Kg6 50. Rh6+ Kg7 51. Rxh7+ Kf8 52. Rh8+ Kg7 53. Rg8+ Kf7 54. Bh5+ Ke7 55. Re8+ Kd6 56. e5+ Kc7 57. g6 Ra4+ 58. Kf5 1-0


[Site "https://www.chess.com"]

[Event "Titled Tuesday Blitz May 30 Early 2023"]
[White "Devaev, Alexander"]
[Black "Ibadov, Dashgyn"]
[WhiteFideId "4169395"]
[BlackFideId "24107514"]
[WhiteElo "2172"]
[BlackElo "2208"]
[Result "0-1"]
[Round "11"]
[TimeControl "180+2"]
[Date "2023.05.30"]
[WhiteClock "0:00:00"]
[BlackClock "0:00:05"]

1. Nf3 d5 2. c4 d4 3. d3 c5 4. e3 Nc6 5. Be2 Nf6 6. e4 e5 7. a3 Be6 8. Nbd2 Nd7 9. h3 Bd6 10. Nh2 g6 11. Bg4 Qe7 12. Bxe6 Qxe6 13. O-O O-O-O 14. b4 f5 15. Rb1 Nf6 16. bxc5 Bxc5 17. Rb5 Bd6 18. Nhf3 h6 19. Re1 f4 20. Qb3 Rh7 21. c5 Qxb3 22. Nxb3 Bc7 23. Nbd2 g5 24. Nc4 Rg7 25. Nh2 h5 26. g3 g4 27. h4 Nd7 28. Nd6+ Bxd6 29. cxd6 a6 30. Rb1 Nc5 31. Rd1 fxg3 32. fxg3 Rxd6 33. Nf1 Rf7 34. Nh2 Rdf6 35. Bg5 Rf2 36. Rbc1 Ne6 37. a4 Kd7 38. Rb1 Ra2 39. Rxb7+ Nc7 40. Rf1 Rxf1+ 41. Nxf1 Rxa4 42. Nd2 Rb4 43. Rxb4 Nxb4 44. Nc4 Nxd3 45. Kf1 Ke6 46. Ke2 Nc5 47. Nd2 Nb5 48. Bd8 Nc3+ 49. Ke1 N3xe4 50. Nc4 Nxg3 51. Bb6 Nd3+ 52. Kd2 Nf4 53. Bc7 Ne4+ 54. Ke1 Ng6 55. Bb8 Kd5 56. Nb6+ Kc6 57. Nc4 Kd5 58. Nb6+ Kc5 59. Nd7+ Kc4 60. Ba7 Nxh4 61. Nxe5+ Kd5 62. Nf7 Nf3+ 63. Ke2 h4 64. Nh6 Ne5 65. Nf5 h3 66. Kf1 g3 67. Kg1 Nf3+ 68. Kf1 g2+ 69. Ke2 g1=Q 70. Ne7+ Ke6 71. Kd3 Qe3+ 72. Kc4 Kxe7 73. Kd5 Nc3+ 74. Kc6 Qe4+ 75. Kc7 Nb5+ 76. Kb8 Qe5+ 77. Ka8 Qd5+ 78. Kb8 Qd8+ 79. Kb7 Qc7+ 80. Kxa6 Qxa7+ 81. Kxb5 Qc7 0-1


[Site "https://www.chess.com"]

[Event "Titled Tuesday Blitz May 30 Early 2023"]
[White "Ladan, Nicholas"]
[Black "Iskusnyh, Sergei"]
[WhiteFideId "30918855"]
[BlackFideId "4120027"]
[WhiteElo "2167"]
[BlackElo "2492"]
[Result "1/2-1/2"]
[Round "11"]
[TimeControl "180+2"]
[Date "2023.05.30"]
[WhiteClock "0:00:08"]
[BlackClock "0:00:08"]

1. d4 d5 2. Bf4 Nf6 3. e3 c5 4. Nf3 Nc6 5. Nbd2 cxd4 6. exd4 Bg4 7. Bb5 e6 8. c4 Bb4 9. Qa4 O-O 10. Bxc6 Bxd2+ 11. Nxd2 bxc6 12. c5 Qc8 13. O-O Nd7 14. Rfe1 Qb7 15. b4 Rfe8 16. Qa5 f6 17. Bd6 e5 18. Nb3 Bf5 19. a4 Bc2 20. Nd2 exd4 21. b5 Bd3 22. Nb3 cxb5 23. Nxd4 Ne5 24. axb5 Nc4 25. Rxe8+ Rxe8 26. Qc7 Nxd6 27. Qxd6 Bxb5 28. Nxb5 Qxb5 29. Qxd5+ Kh8 30. h3 a5 31. Qd6 Rc8 32. Rc1 Qc6 33. Qd4 a4 34. Rc4 Ra8 35. Qd6 Qb5 36. Rd4 h6 37. Qd7 Qxd7 38. Rxd7 Rc8 39. Ra7 Rxc5 40. Rxa4 Rc1+ 41. Kh2 Rc2 42. Kg3 Kh7 43. Rf4 Kg6 44. Rf3 Kf7 45. Ra3 g5 46. f3 Kg6 47. Ra4 f5 48. f4 Kh5 49. fxg5 hxg5 50. Ra5 f4+ 51. Kf3 Kh4 52. Ra8 Rc3+ 53. Kf2 Rc2+ 54. Kf3 Rc3+ 55. Kf2 Kh5 56. Rh8+ Kg6 57. Rg8+ Kf5 58. Rf8+ Ke5 59. Re8+ Kf6 60. Rf8+ Kg7 61. Rf5 Kg6 62. Rf8 Rc2+ 63. Kf3 Rc3+ 64. Kf2 Rc2+ 65. Kf3 Rc3+ 66. Ke2 Rc2+ 67. Kf1 Kh5 68. Rh8+ Kg6 69. Rg8+ Kf5 70. Rf8+ Ke4 71. Rg8 Ke3 72. Re8+ Kd4 73. Rd8+ Ke4 74. Re8+ Kf5 75. Rf8+ Ke5 76. Rg8 f3 77. Rxg5+ Kf4 78. Rg4+ Ke3 79. gxf3 Kxf3 80. Kg1 Rc1+ 81. Kh2 Rc2+ 82. Kg1 Rc1+ 83. Kh2 Rc2+ 84. Kh1 Rc1+ 85. Rg1 Rxg1+ 86. Kxg1 Kg3 87. h4 Kxh4 1/2-1/2


[Site "https://www.chess.com"]

[Event "Titled Tuesday Blitz May 30 Early 2023"]
[White "Garakov, Mikhael"]
[Black "Kleiman, Jake"]
[WhiteFideId "4169034"]
[BlackFideId "2020041"]
[WhiteElo "2347"]
[BlackElo "2607"]
[Result "1/2-1/2"]
[Round "11"]
[TimeControl "180+2"]
[Date "2023.05.30"]
[WhiteClock "0:00:17"]
[BlackClock "0:00:15"]

1. e4 e5 2. Nf3 Nc6 3. Bb5 a6 4. Bxc6 dxc6 5. O-O f6 6. d4 Bg4 7. dxe5 Qxd1 8. Rxd1 Bxf3 9. gxf3 fxe5 10. f4 Nf6 11. Nc3 Bc5 12. Kg2 Bd6 13. fxe5 Bxe5 14. f4 Bxc3 15. bxc3 O-O 16. e5 Nd5 17. Kg3 Nxc3 18. Rd7 Rf7 19. Rxf7 Kxf7 20. Bb2 Na4 21. Bd4 Ke6 22. Kf3 c5 23. Be3 b6 24. h4 g6 25. h5 Rg8 26. hxg6 hxg6 27. Rh1 Rg7 28. Rh8 Nc3 29. Bd2 Nb5 30. Ke4 Nd4 31. c3 Nf5 32. Rf8 Ne7 33. Rf6+ Kd7 34. c4 a5 35. e6+ Ke8 36. Bc3 Rh7 37. Be5 c6 38. Bd6 Rg7 39. Kf3 a4 40. a3 Rg8 41. Ke4 Rg7 42. Be5 Rh7 43. Bd6 Rh8 44. Rf7 Nf5 45. Be5 Rh1 46. Rb7 Re1+ 47. Kf3 Nd4+ 48. Kg4 Nxe6 49. Rxb6 Re4 50. Rxc6 Ke7 51. Ra6 Rxc4 52. Ra7+ Kd8 53. Ra6 Kd7 54. Ra7+ Ke8 55. Ra6 Nf8 56. Kg5 Nd7 57. Kxg6 Ke7 58. Kf5 Rc1 59. Re6+ Kf7 60. Ra6 Ke7 61. Rxa4 c4 62. Ra7 Kd8 63. Ke6 Nc5+ 64. Kd5 Nd3 65. Kd4 Nxe5 66. fxe5 c3 67. Kd3 c2 68. Kd2 Re1 69. Kxc2 Rxe5 70. Kc3 Kc8 71. Rf7 Kb8 72. Kb4 Rh5 73. a4 Rh4+ 74. Kb5 Rh6 75. Rd7 Rg6 76. Rd5 Rf6 77. Rc5 Re6 78. Rc6 Rxc6 79. Kxc6 Ka7 80. Kb5 Kb7 81. a5 Ka7 82. a6 Ka8 83. Kb6 Kb8 84. a7+ Ka8 85. Ka6 1/2-1/2


[Site "https://www.chess.com"]